SAA
OTTAWA NATIONALS @ TOLEDO SABOTEURS
06/03/2042
 
TOP OF THE 1ST
Ottawa Nationals batting - Pitching for Toledo Saboteurs : RHP Hakumele Apelama
Pitching: RHP Hakumele Apelama
Batting: LHB Knox Loposer 0-0: Called Strike
0-1: Foul Ball, location: 2F
0-2: Foul Ball, location: 2F
0-2: Ball
1-2: Ball
2-2: Foul Ball, location: 2F
2-2: Ball
3-2: Base on Balls
Batting: SHB Aristotle Auer 0-0: Called Strike
0-1: Ball
1-1: Ball
Knox Loposer is caught stealing 2nd base 2-6
2-1: Swinging Strike
2-2: Foul Ball, location: 2F
2-2: Ball
3-2: Foul Ball, location: 2F
3-2: Strikes out swinging
Batting: SHB Marcos Román 0-0: Called Strike
0-1: Ball
1-1: Fly out, F6 (Flyball, 6MD, EV 87.5 MPH)
Top of the 1st over - 0 runs, 0 hits, 0 errors, 0 left on base; Ottawa 0 - Toledo 0
BOTTOM OF THE 1ST
Toledo Saboteurs batting - Pitching for Ottawa Nationals : RHP Luis Pantoja
Pitching: RHP Luis Pantoja
Batting: LHB Doug Pollock 0-0: Bunted foul
0-1: Ball
1-1: Ball
2-1: Foul Ball, location: 2F
2-2: Foul Ball, location: 2F
2-2: Foul Ball, location: 2F
2-2: Strikes out swinging
Batting: RHB Ron Ficco 0-0: Called Strike
0-1: Swinging Strike
0-2: Ball
1-2: Foul Ball, location: 2F
1-2: Fly out, F6 (Popup, 6, EV 52.5 MPH)
Batting: LHB Steve Washington 0-0: Ball
1-0: DOUBLE (Line Drive, 89D, EV 111.9 MPH)
Batting: RHB Niek Bendt 0-0: Called Strike
0-1: Foul Ball, location: 2F
0-2: Ball
1-2: Ground out U3 (Groundball, 3L, EV 82.5 MPH)
Bottom of the 1st over - 0 runs, 1 hit, 0 errors, 1 left on base; Ottawa 0 - Toledo 0
TOP OF THE 2ND
Ottawa Nationals batting - Pitching for Toledo Saboteurs : RHP Hakumele Apelama
Batting: RHB Imbart Baars 0-0: Called Strike
0-1: Swinging Strike
0-2: Ball
1-2: Ball
2-2: Strikes out looking
Batting: LHB Tony McMillan 0-0: Ball
1-0: Foul Ball, location: 2F
1-1: Ball
2-1: Ball
3-1: Foul Ball, location: 2F
3-2: Foul Ball, location: 2F
3-2: Strikes out swinging, 2-3 out at first.
Batting: RHB Michael Collier 0-0: Called Strike
0-1: Ball
1-1: Swinging Strike
1-2: Ball
2-2: Strikes out swinging
Top of the 2nd over - 0 runs, 0 hits, 0 errors, 0 left on base; Ottawa 0 - Toledo 0
BOTTOM OF THE 2ND
Toledo Saboteurs batting - Pitching for Ottawa Nationals : RHP Luis Pantoja
Batting: SHB Manuel Ortíz 0-0: Ground out 6-3 (Groundball, 6M, EV 88.1 MPH)
Batting: RHB Coy MacKey 0-0: Ball
1-0: Ball
2-0: Foul Ball, location: 2F
2-1: Ball
3-1: Base on Balls
Batting: SHB Ralph Titus 0-0: TRIPLE (Line Drive, 78XD, EV 105.6 MPH)
Coy MacKey scores
Batting: RHB Pedro Trevino 0-0: Called Strike
0-1: SINGLE (Groundball, 6, EV 93.1 MPH) (infield hit)
Ralph Titus scores
Batting: LHB David Graham 0-0: Ball
1-0: Called Strike
1-1: SINGLE (Groundball, 6D, EV 97.5 MPH)
Pedro Trevino to second
Batting: LHB Doug Pollock 0-0: Called Strike
0-1: Ball
1-1: Called Strike
1-2: Foul Ball, location: 2F
1-2: Ball
2-2: Foul Ball, location: 2F
2-2: Foul Ball, location: 2F
2-2: Foul Ball, location: 2F
2-2: Foul Ball, location: 2F
2-2: SINGLE (Groundball, 6, EV 90.0 MPH) (infield hit)
Pedro Trevino to third
David Graham to second
Batting: RHB Ron Ficco 0-0: Called Strike
0-1: Called Strike
0-2: Foul Ball, location: 2F
0-2: Ball
1-2: Ball
2-2: Ball
3-2: Fielders Choice at 2nd, 5-4 (Groundball, 56, EV 100.6 MPH)
Pedro Trevino scores
David Graham to third
Batting: LHB Steve Washington 0-0: Ball
1-0: SINGLE (Flyball, 56D, EV 88.1 MPH)
David Graham scores
Ron Ficco to second
Batting: RHB Niek Bendt 0-0: Called Strike
0-1: Swinging Strike
0-2: SINGLE (Line Drive, 6D, EV 105.6 MPH)
Ron Ficco to third
Steve Washington to second
Batting: SHB Manuel Ortíz 0-0: Called Strike
0-1: Fly out, F9 (Line Drive, 9, EV 90.6 MPH)
Bottom of the 2nd over - 4 runs, 6 hits, 0 errors, 3 left on base; Ottawa 0 - Toledo 4
TOP OF THE 3RD
Ottawa Nationals batting - Pitching for Toledo Saboteurs : RHP Hakumele Apelama
Batting: LHB Ewold de Regt 0-0: Ground out 6-3 (Groundball, 6, EV 90.6 MPH)
Batting: RHB Joe Padilla 0-0: Called Strike
0-1: Ball
1-1: Ball
2-1: SINGLE (Groundball, 56D, EV 103.1 MPH)
Batting: RHB Cameron Loverock 0-0: Called Strike
0-1: Ball
1-1: Ball
Wild Pitch!
Joe Padilla to second
2-1: Fly out, F8 (Flyball, 8RD, EV 102.5 MPH)
Batting: LHB Knox Loposer 0-0: Called Strike
0-1: Called Strike
0-2: Ball
1-2: Foul Ball, location: 2F
1-2: SINGLE (Groundball, 4MD, EV 107.5 MPH)
Joe Padilla to third
Runner from 3rd tries for Home, SAFE, no throw by CF
Batting: SHB Aristotle Auer 0-0: Ball
1-0: Reached on error, E6 (Groundball, 6, EV 81.9 MPH)
Knox Loposer to second
Batting: SHB Marcos Román 0-0: Called Strike
0-1: Ball
1-1: Ball
2-1: Called Strike
2-2: Ball
3-2: Base on Balls
Knox Loposer to third
Aristotle Auer to second
Batting: RHB Imbart Baars 0-0: Ball
1-0: Foul Ball, location: 2F
1-1: DOUBLE (Flyball, 8RXD, EV 95.0 MPH)
Knox Loposer scores
Aristotle Auer scores
Marcos Román to third
Runner from 3rd tries for Home, SAFE, throw by CF to home
Batting: LHB Tony McMillan 0-0: Foul Ball, location: 2F
0-1: Ball
1-1: Called Strike
1-2: Foul Ball, location: 2F
1-2: Foul Ball, location: 2F
1-2: Strikes out looking
Top of the 3rd over - 4 runs, 3 hits, 1 error, 1 left on base; Ottawa 4 - Toledo 4
BOTTOM OF THE 3RD
Toledo Saboteurs batting - Pitching for Ottawa Nationals : RHP Luis Pantoja
Batting: RHB Coy MacKey 0-0: Ball
1-0: Foul Ball, location: 2F
1-1: Ground out 5-3 (Groundball, 56, EV 99.4 MPH)
Batting: SHB Ralph Titus 0-0: Foul Ball, location: 2F
0-1: DOUBLE (Groundball, 5L, EV 101.9 MPH)
Batting: RHB Pedro Trevino 0-0: Called Strike
0-1: Swinging Strike
0-2: Foul Ball, location: 2F
0-2: Ball
1-2: Ball
2-2: Foul Ball, location: 2F
2-2: Foul Ball, location: 2F
2-2: Fly out, F9 (Flyball, 9LS, EV 86.9 MPH)
Batting: LHB David Graham 0-0: Ball
1-0: Ball
2-0: Ball
3-0: Fly out, F9 (Flyball, 89M, EV 76.9 MPH)
Bottom of the 3rd over - 0 runs, 1 hit, 0 errors, 1 left on base; Ottawa 4 - Toledo 4
TOP OF THE 4TH
Ottawa Nationals batting - Pitching for Toledo Saboteurs : RHP Hakumele Apelama
Batting: RHB Michael Collier 0-0: Ball
1-0: Foul Ball, location: 2F
1-1: Foul Ball, location: 2F
1-2: Strikes out swinging
Batting: LHB Ewold de Regt 0-0: Foul Ball, location: 2F
0-1: Fly out, F9 (Line Drive, 9, EV 96.2 MPH)
Batting: RHB Joe Padilla 0-0: Ball
1-0: Foul Ball, location: 2F
1-1: Ground out 5-3 (Groundball, 56S, EV 66.9 MPH)
Top of the 4th over - 0 runs, 0 hits, 0 errors, 0 left on base; Ottawa 4 - Toledo 4
BOTTOM OF THE 4TH
Toledo Saboteurs batting - Pitching for Ottawa Nationals : RHP Luis Pantoja
Batting: LHB Doug Pollock 0-0: DOUBLE (Flyball, 8RXD, EV 110.6 MPH)
Batting: RHB Ron Ficco 0-0: Ball
1-0: Called Strike
1-1: Ground out 4-3 (Groundball, 4, EV 101.2 MPH)
Doug Pollock to third
Batting: LHB Steve Washington 0-0: Ball
1-0: Swinging Strike
1-1: Ball
2-1: Fly out, F7 (Line Drive, 7D, EV 84.4 MPH)
Runner from 3rd tags up, SCORES, no throw by LF
Batting: RHB Niek Bendt 0-0: Called Strike
0-1: Ground out 6-3 (Groundball, 6, EV 105.6 MPH)
Bottom of the 4th over - 1 run, 1 hit, 0 errors, 0 left on base; Ottawa 4 - Toledo 5
TOP OF THE 5TH
Ottawa Nationals batting - Pitching for Toledo Saboteurs : RHP Hakumele Apelama
Batting: RHB Cameron Loverock 0-0: Fly out, F9 (Flyball, 9D, EV 101.2 MPH)
Batting: LHB Knox Loposer 0-0: SINGLE (Line Drive, 5D, EV 97.5 MPH)
Batting: SHB Aristotle Auer 0-0: Ground out U3 (Groundball, 3, EV 91.9 MPH)
Knox Loposer to second
Batting: SHB Marcos Román 0-0: Foul Ball, location: 2F
0-1: SINGLE (Line Drive, 56, EV 96.9 MPH)
Knox Loposer to third
Runner from 3rd tries for Home, SAFE, no throw by LF
Batting: RHB Imbart Baars 0-0: Ball
1-0: Foul Ball, location: 2F
1-1: SINGLE (Groundball, 6MD, EV 102.5 MPH)
Marcos Román to second
Runner from 2nd tries for 3rd, SAFE, throw by CF made to third
Batting: LHB Tony McMillan 0-0: Ball
1-0: Swinging Strike
1-1: Ball
2-1: SINGLE (Line Drive, 9S, EV 105.0 MPH)
Marcos Román scores
Imbart Baars to second
Pitching: LHP Pat Jarvis
Batting: RHB Michael Collier 0-0: Called Strike
0-1: Swinging Strike
0-2: Ball
1-2: Ball
2-2: Ball
3-2: Fly out, F8 (Line Drive, 8RM, EV 91.9 MPH)
Top of the 5th over - 2 runs, 4 hits, 0 errors, 2 left on base; Ottawa 6 - Toledo 5
BOTTOM OF THE 5TH
Toledo Saboteurs batting - Pitching for Ottawa Nationals : RHP Luis Pantoja
Batting: SHB Manuel Ortíz 0-0: Foul Ball, location: 2F
0-1: Ball
1-1: Ball
2-1: Ball
3-1: Base on Balls
Batting: RHB Coy MacKey 0-0: Ball
1-0: Called Strike
1-1: Foul Ball, location: 2F
1-2: SINGLE (Line Drive, 89S, EV 101.9 MPH)
Manuel Ortíz to second
Batting: SHB Ralph Titus 0-0: Ball
1-0: Ball
2-0: Ball
3-0: Called Strike
3-1: Swinging Strike
3-2: Base on Balls
Manuel Ortíz to third
Coy MacKey to second
Batting: RHB Pedro Trevino 0-0: Ball
1-0: Fly out, F7 (Flyball, 7S, EV 81.9 MPH)
Batting: LHB David Graham 0-0: Called Strike
0-1: Swinging Strike
0-2: Ball
1-2: Foul Ball, location: 2F
1-2: Ball
2-2: Fly out, F5 (Popup, 56S, EV 85.6 MPH)
Batting: LHB Doug Pollock 0-0: Ball
1-0: Ball
2-0: Foul Ball, location: 2F
2-1: Ball
Wild Pitch!
Manuel Ortíz scores
Coy MacKey to third
Ralph Titus to second
3-1: Base on Balls
Pitching: RHP Jim Maxwell
Batting: RHB Ron Ficco 0-0: Foul Ball, location: 2F
0-1: Called Strike
0-2: Ball
1-2: Strikes out swinging
Bottom of the 5th over - 1 run, 1 hit, 0 errors, 3 left on base; Ottawa 6 - Toledo 6
TOP OF THE 6TH
Ottawa Nationals batting - Pitching for Toledo Saboteurs : LHP Pat Jarvis
Batting: LHB Ewold de Regt 0-0: Called Strike
0-1: Ground out U3 (Groundball, 3L, EV 90.0 MPH)
Batting: RHB Joe Padilla 0-0: Foul Ball, location: 2F
0-1: Called Strike
0-2: Foul Ball, location: 2F
0-2: Ball
1-2: Foul Ball, location: 2F
1-2: Ball
2-2: SOLO HOME RUN (Flyball, 78XD, EV 86.2 MPH), Distance : 396 ft
Batting: RHB Cameron Loverock 0-0: Fly out, F9 (Flyball, 9, EV 88.8 MPH)
Batting: LHB Knox Loposer 0-0: Called Strike
0-1: Ground out 3-1 (Groundball, 34, EV 104.4 MPH)
Top of the 6th over - 1 run, 1 hit, 0 errors, 0 left on base; Ottawa 7 - Toledo 6
BOTTOM OF THE 6TH
Toledo Saboteurs batting - Pitching for Ottawa Nationals : RHP Jim Maxwell
Batting: LHB Steve Washington 0-0: Foul Ball, location: 2F
0-1: Fly out, F8 (Flyball, 78M, EV 85.0 MPH)
Batting: RHB Niek Bendt 0-0: Fly out, F4 (Popup, 34S, EV 88.1 MPH)
Batting: SHB Manuel Ortíz 0-0: Foul Ball, location: 2F
0-1: Ball
1-1: Ball
2-1: SINGLE (Line Drive, 6D, EV 106.9 MPH)
Batting: RHB Coy MacKey 0-0: Foul Ball, location: 2F
0-1: Foul Ball, location: 2F
0-2: Ball
1-2: Strikes out looking
Bottom of the 6th over - 0 runs, 1 hit, 0 errors, 1 left on base; Ottawa 7 - Toledo 6
TOP OF THE 7TH
Ottawa Nationals batting - Pitching for Toledo Saboteurs : LHP Pat Jarvis
Batting: SHB Aristotle Auer 0-0: Ball
1-0: SINGLE (Line Drive, 4MD, EV 95.0 MPH)
Batting: SHB Marcos Román 0-0: Called Strike
0-1: Swinging Strike
0-2: Ball
1-2: Ball
2-2: Strikes out swinging
Batting: RHB Imbart Baars 0-0: Called Strike
0-1: Ball
1-1: Fly out, F7 (Flyball, 7, EV 79.4 MPH)
Batting: LHB Tony McMillan 0-0: Ball
Aristotle Auer steals 2nd base (no throw)
1-0: Foul Ball, location: 2F
1-1: Foul Ball, location: 2F
1-2: Ball
2-2: Foul Ball, location: 2F
2-2: Strikes out swinging
Top of the 7th over - 0 runs, 1 hit, 0 errors, 1 left on base; Ottawa 7 - Toledo 6
BOTTOM OF THE 7TH
Toledo Saboteurs batting - Pitching for Ottawa Nationals : RHP Jim Maxwell
Pitching: LHP Errol Young
Batting: SHB Ralph Titus 0-0: Foul Ball, location: 2F
0-1: Ball
1-1: Ball
2-1: Called Strike
2-2: Ball
3-2: Base on Balls
Pitching: RHP Travis Conklin
Batting: RHB Pedro Trevino 0-0: Ball
Ralph Titus steals 2nd base
1-0: Foul Ball, location: 2F
1-1: Ball
2-1: Fly out, F8 (Flyball, 89XD, EV 103.1 MPH)
Runner from 2nd tags up, SAFE at 3rd, no throw by CF
Batting: LHB David Graham 0-0: Ball
1-0: Ball
2-0: Foul Ball, location: 2F
2-1: Ball
3-1: Swinging Strike
3-2: Foul Ball, location: 2F
3-2: Foul Ball, location: 2F
3-2: Ground out 4-3 (Groundball, 4, EV 86.2 MPH)
Batting: LHB Doug Pollock 0-0: Ball
1-0: Foul Ball, location: 2F
1-1: Ball
2-1: Swinging Strike
2-2: Strikes out looking
Bottom of the 7th over - 0 runs, 0 hits, 0 errors, 1 left on base; Ottawa 7 - Toledo 6
TOP OF THE 8TH
Ottawa Nationals batting - Pitching for Toledo Saboteurs : LHP Pat Jarvis
Batting: RHB Michael Collier 0-0: Swinging Strike
0-1: Hit by Pitch
Batting: LHB Ewold de Regt 0-0: Bunted foul
0-1: Sac Bunt to 2R - play at first, batter OUT! 2-4
Michael Collier to second
Batting: RHB Joe Padilla 0-0: Intentional Walk
Batting: RHB Cameron Loverock 0-0: Called Strike
0-1: Called Strike
0-2: Ball
1-2: Foul Ball, location: 2F
1-2: Foul Ball, location: 2F
1-2: Ball
2-2: Ball
3-2: Ground out 5-3 (Groundball, 56S, EV 80.0 MPH)
Michael Collier to third
Joe Padilla to second
Pitching: LHP José Santos
Batting: LHB Knox Loposer 0-0: Called Strike
0-1: SINGLE (Line Drive, 6D, EV 101.9 MPH)
Michael Collier scores
Joe Padilla to third
Runner from 3rd tries for Home, SAFE, no throw by CF
Batting: SHB Aristotle Auer 0-0: Ball
1-0: Ball
2-0: Fly out, F9 (Flyball, 9S, EV 77.5 MPH)
Top of the 8th over - 2 runs, 1 hit, 0 errors, 1 left on base; Ottawa 9 - Toledo 6
BOTTOM OF THE 8TH
Toledo Saboteurs batting - Pitching for Ottawa Nationals : RHP Travis Conklin
Batting: RHB Ron Ficco 0-0: Bunt missed!
0-1: Ball
1-1: TRIPLE (Flyball, 78XD, EV 108.8 MPH)
Batting: LHB Steve Washington 0-0: Called Strike
0-1: Called Strike
0-2: Ball
1-2: Fly out, F7 (Flyball, 78M, EV 81.9 MPH)
Runner from 3rd tags up, SCORES, throw by LF
Batting: RHB Niek Bendt 0-0: SINGLE (Flyball, 89S, EV 98.8 MPH)
Batting: SHB Manuel Ortíz 0-0: Ball
1-0: Called Strike
1-1: SINGLE (Line Drive, 8LS, EV 98.8 MPH)
Niek Bendt to second
Batting: RHB Coy MacKey 0-0: Ball
1-0: Foul Ball, location: 2F
1-1: 3-RUN HOME RUN (Flyball, 7D, EV 101.9 MPH), Distance : 357 ft
Batting: SHB Ralph Titus 0-0: Called Strike
0-1: Ball
1-1: Ball
2-1: Called Strike
2-2: Ball
3-2: Strikes out looking
Batting: RHB Pedro Trevino 0-0: Ball
1-0: Swinging Strike
1-1: Swinging Strike
1-2: Strikes out swinging
Bottom of the 8th over - 4 runs, 4 hits, 0 errors, 0 left on base; Ottawa 9 - Toledo 10
TOP OF THE 9TH
Ottawa Nationals batting - Pitching for Toledo Saboteurs : LHP José Santos
Pitching: RHP Jim Harris
Batting: SHB Marcos Román 0-0: Foul Ball, location: 2F
0-1: Ball
1-1: Fly out, F9 (Flyball, 9LSF, EV 85.0 MPH)
Batting: RHB Imbart Baars 0-0: Ball
1-0: Ball
2-0: Ball
3-0: Base on Balls
Batting: LHB Tony McMillan 0-0: Foul Ball, location: 2F
0-1: Fly out, F8 (Flyball, 8RD, EV 108.1 MPH)
Batting: RHB Michael Collier 0-0: Foul Ball, location: 2F
0-1: Ball
1-1: Called Strike
1-2: Strikes out swinging
Top of the 9th over - 0 runs, 0 hits, 0 errors, 1 left on base; Ottawa 9 - Toledo 10
Friday, March 26th, 2021 - OOTP Baseball 20.8 Build 74